 Dungeon Crawl Stone Soup version 0.30-a0-930-gb9d0489357 (webtiles) character file.

Game seed: 2125336246222381899

2046 lunkers the Carver (level 9, -6/74 HPs)
             Began as a Meteoran Reaver on Mar 23, 2023.
             Was a Believer of Jiyva.
             Killed by divine providence
             ... invoked by an orc priest
              (12 damage)
             ... on level 7 of the Dungeon.
             The game lasted 00:14:01 (2691 turns).

lunkers the Carver (Meteoran Reaver)                Turns: 2691, Time: 00:14:01

Health: -6/74      AC:  4    Str: 16    XL:     9   Next: 77%
Magic:  14/14      EV: 14    Int: 15    God:    Jiyva [**....]
Gold:   235        SH:  0    Dex: 15    Spells: 12/13 levels left

rFire   + . .      SeeInvis .    b - +3 falchion (freeze)
rCold   . . .      Faith    .    (no shield)
rNeg    . . .      Spirit   .    f - +2 robe of the Leaping Gods {Rampage rElec rF+ Archmagi}
rPois   .          Reflect  .    (no helmet)
rElec   +          Rampage  +    (no cloak)
rCorr   +          Archmagi +    (no gloves)
Will    ++...                    (no boots)
Stlth   +                        g - amulet of regeneration
HPRegen 2.08/turn                l - ring of wizardry
MPRegen 0.44/turn                i - ring of willpower

@: glowing
A: sense surroundings 2, otherworldly, glowing, explore regen
a: Renounce Religion


You were on level 7 of the Dungeon.
You worshipped Jiyva.
Jiyva was pleased with you.
You visited 1 branch of the dungeon, and saw 7 of its levels.

You collected 235 gold pieces.

Inventory:

Hand Weapons
 a - a +5 dagger of freezing
 b - a +3 falchion of freezing (weapon)
 q - the +4 sling of Dishonour {flame, rF+ rC+ Will- Str+2}
   (You found it on level 4 of the Dungeon)

   Str:       It affects your strength (+2).
   rF:        It protects you from fire.
   rC:        It protects you from cold.
   Will:      It decreases your willpower.
 t - a +0 falchion
 u - a +0 dagger of venom
Missiles
 k - a throwing net
Armour
 d - a +1 ring mail
 f - the +2 robe of the Leaping Gods (worn) {Rampage rElec rF+ Archmagi}
   (You found it on level 5 of the Dungeon)

   rF:        It protects you from fire.
   rElec:     It insulates you from electricity.
   Rampage:   It bestows one free step when moving towards enemies.
   Archmagi:  It increases the power of your magical spells.
Jewellery
 g - an amulet of regeneration (around neck)
 i - a ring of willpower (right hand)
 l - a ring of wizardry (left hand)
 r - an amulet of faith
Scrolls
 h - a scroll of magic mapping
Potions
 e - 2 potions of magic
 j - a potion of berserk rage {unknown}
 m - a potion of flight {unknown}
 n - a potion of ambrosia {unknown}
 o - a potion of curing
 s - a potion of attraction {unknown}


   Skills:
 + Level 5.4 Fighting
 - Level 7.6(9.3) Short Blades
 * Level 9.0(10.4) Long Blades
 - Level 1.1 Armour
 + Level 5.9 Dodging
 - Level 2.6 Spellcasting
 - Level 3.6 Conjurations


You had 12 spell levels left.
You knew the following spells:

 Your Spells              Type           Power      Damage    Failure   Level
p - Kiss of Death         Conj/Necr      44%        2d8       4%          1

Your spell library contained the following spells:

 Spells                   Type           Power      Damage    Failure   Level
 Momentum Strike          Conj/Tloc      22%        3d8       6%          2
 Summon Small Mammal      Summ           12%        N/A       9%          1
 Hailstorm                Conj/Ice       11%        3d5       12%         3
 Call Canine Familiar     Summ           3%         N/A       24%         3
 Portal Projectile        Hex/Tloc       6%         N/A       24%         3
 Summon Guardian Golem    Hex/Summ       3%         N/A       24%         3
 Leda's Liquefaction      Hex/Erth       1%         N/A       58%         4


Dungeon Overview and Level Annotations

Branches:
Dungeon (7/15) Zot: 1622   Temple (0/1) D:6

Altars:
Ashenzari
Kikubaaqudgha
Wu Jian
Zin
The Shining One
Jiyva

Shops:
D:4 =


Innate Abilities, Weirdness & Mutations

You passively map the area around you.
You are easily found by Zot.
You glow in the dark.
You regain HP and MP as you explore.


Message History

A kobold comes into view. It is wielding a +0 club.
The kobold brigand closely misses you.
You hit the scorpion. You freeze the scorpion.
The scorpion is lightly wounded.
You feel very sick. The scorpion stings you.
* * * LOW HITPOINT WARNING * * *
The orc wizard drinks a potion.
The orc wizard's spells are empowered!
Unknown command.
Okay, then.
You completely miss the scorpion.
The scorpion is lightly wounded.
You feel sick. The scorpion stings you.
* * * LOW HITPOINT WARNING * * *
You are more poisoned.
The scorpion poisons you!
Unknown command.
An orc warrior comes into view. It is wielding a +0 dire flail.
Found a dagger.
You feel very sick.
The orc warrior shouts!
You hear a shout!
The orc warrior throws a boomerang.
The boomerang hits you!
* * * LOW HITPOINT WARNING * * *
Unknown command.
Okay, then.
You feel better. The scorpion misses you.
The orc warrior throws a boomerang.
The boomerang hits you!
* * * LOW HITPOINT WARNING * * *
The kobold brigand attacks as you move away!
The kobold brigand hits you with a +0 dagger.
* * * LOW HITPOINT WARNING * * *
The scorpion stings you.
* * * LOW HITPOINT WARNING * * *
The scorpion completely misses you. The orc priest completely misses you.
The scorpion stings you but does no damage.
Unknown command.
The orc priest calls down the wrath of Beogh upon you.
Beogh smites you!
You die...

* ,, , ,,,* ##.##)..# , , *
####..##(### , * #.##
,*#######....###.# , .#.#.
#.......#### #.# # ...... *
#..###### #.### )..... ##.#
#.##. ....#.### #.# #.##. ,
...o...###.##### ###.... ,
.,,, *#....K@.....#####....##
.. #..Kso#.###............ ,,
... ###..K#K###.#######.#..
...o ###o..##..# ##.....)#
,....)####
#......####[....... , ,
....K.).###)...###....#.##.##
,,,
.......))##....###.####....#
..####.#))...#..##......####
* *#<###.......†.######


You could see an orc warrior, a kobold brigand, a scorpion, an orc priest, an
orc wizard (empowered) and 3 kobolds.

Vanquished Creatures
  Eustachio (D:5)
  A sky beast (D:6)
  An orc warrior (D:7)
  An ogre (D:6)
  2 black bears
  A centaur (D:6)
  A phantom (D:3)
  A bullfrog (D:5)
  A kobold brigand (D:7)
  7 scorpions
  4 wights (D:6)
  A howler monkey (D:3)
  A hound (D:7)
  A gnoll bouda (D:4)
  5 orc priests
  2 iguanas (D:5)
  A sleepcap (D:6)
  Natasha (twice) (D:4)
  4 orc wizards
  5 adders
  2 gnolls (D:6)
  A shadow imp (D:6)
  2 worms (D:4)
  5 dart slugs
  12 orcs
  6 ball pythons
  4 endoplasms
  9 goblins
  5 hobgoblins
  12 jackals
  2 quokkas
  3 bats
  3 frilled lizards
  11 kobolds
  2 rats (D:1)
122 creatures vanquished.

Vanquished Creatures (others)
  Grinder (D:4)
  A scorpion (D:5)
  2 jellies (D:4)
  A hound (D:6)
  Ijyb (D:4)
  An iguana (D:4)
  Natasha (D:4)
  A white imp (D:6)
  A goblin (D:4)
  A jackal (D:4)
  A ball python (D:4)
12 creatures vanquished.

Grand Total: 134 creatures vanquished

Notes
Turn   | Place    | Note
-------+----------+-------------------------------------------
     0 | D:1      | lunkers the Meteoran Reaver began the quest for the Orb.
     0 | D:1      | Reached XP level 1. HP: 17/17 MP: 5/5
    27 | D:1      | Reached skill level 4 in Long Blades
    27 | D:1      | Reached XP level 2. HP: 22/24 MP: 6/6
   115 | D:1      | Found a faded altar of an unknown god.
   242 | D:1      | Reached XP level 3. HP: 26/29 MP: 8/8
   283 | D:1      | Reached skill level 5 in Long Blades
   384 | D:2      | Reached XP level 4. HP: 14/36 MP: 9/9
   654 | D:3      | Found an ornate altar of the Wu Jian Council.
   686 | D:3      | Reached skill level 6 in Long Blades
   686 | D:3      | Reached XP level 5. HP: 28/34 MP: 6/10
   738 | D:3      | Noticed a phantom
   766 | D:3      | Killed a phantom
   767 | D:3      | Reached skill level 7 in Long Blades
   767 | D:3      | Reached XP level 6. HP: 26/42 MP: 11/11
   917 | D:3      | Found a glowing silver altar of Zin.
   918 | D:3      | Noticed an angel
  1013 | D:3      | Found a faded altar of an unknown god.
  1023 | D:3      | Found an ancient bone altar of Kikubaaqudgha.
  1032 | D:3      | Prayed at the altar of an unknown god.
  1032 | D:3      | Became a worshipper of Jiyva Jalyfoal the Shapeless
  1032 | D:3      | Reached * piety under Jiyva
  1227 | D:4      | Noticed Natasha
  1237 | D:4      | Killed Natasha
  1238 | D:4      | Reached skill level 1 in Short Blades
  1239 | D:4      | Found Jupleg's Jewellery Boutique.
  1288 | D:4      | Noticed Natasha
  1304 | D:4      | Killed Natasha
  1363 | D:4      | Reached XP level 7. HP: 55/55 MP: 12/12
  1456 | D:4      | Identified the +4 sling of Dishonour {flame, rF+ rC+ Will-
                  | Str+2}
  1474 | D:4      | Noticed Ijyb
  1477 | D:4      | Killed Ijyb
  1507 | D:4      | Killed Natasha
  1545 | D:4      | Noticed Grinder
  1566 | D:5      | Entered Level 5 of the Dungeon
  1589 | D:5      | Reached ** piety under Jiyva
  1598 | D:5      | Noticed Eustachio
  1635 | D:5      | Killed Eustachio
  1726 | D:5      | Identified the +2 robe of the Leaping Gods {Rampage rElec
                  | rF+ Archmagi}
  1731 | D:5      | Reached skill level 5 in Short Blades
  1746 | D:5      | Reached XP level 8. HP: 30/61 MP: 13/13
  1797 | D:4      | Killed Grinder
  1994 | D:5      | Found a broken altar of Ashenzari.
  1998 | D:5      | Saw a vision of the Swamp and the Snake Pit.
  1998 | D:5      | Noticed a six-headed hydra
  1998 | D:5      | Noticed a bunyip
  1998 | D:5      | Noticed a bloated husk
  1998 | D:5      | Noticed a tyrant leech
  1999 | D:5      | Noticed a naga mage
  1999 | D:5      | Noticed a black mamba
  2000 | D:5      | Noticed a naga mage
  2002 | D:5      | Noticed a goliath frog
  2039 | D:6      | Noticed a two-headed ogre
  2125 | D:6      | Reached skill level 1 in Armour
  2247 | D:6      | Gained mutation: You passively map the area around you.
                  | [Meteoran growth]
  2247 | D:6      | Reached XP level 9. HP: 53/70 MP: 14/14
  2247 | D:6      | Found a staircase to the Ecumenical Temple.
  2301 | D:6      | Reached *** piety under Jiyva
  2379 | D:6      | Found a glowing golden altar of the Shining One.
  2387 | D:6      | Reached skill level 5 in Dodging
  2425 | D:6      | Reached skill level 8 in Long Blades
  2558 | D:7      | Reached skill level 5 in Fighting
  2662 | D:7      | Reached skill level 9 in Long Blades
  2689 | D:7      | HP: 1/74 [kobold brigand/+0 dagger (6)]
  2691 | D:7      | Killed from afar by an orc priest

Illustrated notes

Levels and vault maps discovered:
D:1:      minmay_arrival_three_doors, layout_rooms, basic_ecumenical_altar,
          nrook_campfire
D:2:      layout_basic
D:3:      layout_basic, mainiacjoe_overflow_cross_hatched, zin_angel,
          nicolae_overflow_ecumenical_swirl, grunt_ministairs_3
D:4:      layout_rooms, serial_shops, nicolae_shop_trees, uniq_grinder,
          uniq_ijyb, uniq_natasha
D:5:      layout_rooms, grunt_ashenzari_visionary
          [grunt_ashenzari_visionary_swamp, grunt_ashenzari_visionary_snake],
          hangedman_decor_riveting, dk_rats_in_the_wall, uniq_eustachio
D:6:      layout_gridville, tso_altar, minmay_temple_entry_mist, serial_shops,
          kennysheep_mini, uniq_edmund
D:7:      layout_rooms

Skill      XL: |  1  2  3  4  5  6  7  8  9 |
---------------+----------------------------+-----
Long Blades    | 4 5 6 7 9 |  9.0
Short Blades   | 2 5 7 |  7.6
Armour         | 1 |  1.1
Dodging        | 3 5 |  5.9
Fighting       | 3 5 |  5.4
Spellcasting   | |  2.6
Conjurations   | |  3.6

Action                     |  1- 3 |  4- 6 |  7- 9 || total
---------------------------+-------+-------+-------++-------
  Melee: Falchion          |   100 |   133 |    72 ||   305
         Punch             |       |     3 |     4 ||     7
         Dagger            |       |    75 |   247 ||   322
   Cast: Kiss of Death     |       |     4 |       ||     4
 Invoke: Oozemancy         |       |       |     2 ||     2
    Use: Scroll            |       |       |     8 ||     8
         Potion            |       |       |     2 ||     2
 Armour: Leather armour    |     1 |       |       ||     1
         Ring mail         |    46 |    77 |    33 ||   156
         Robe              |       |       |    37 ||    37
  Dodge: Dodged            |    80 |    77 |   171 ||   328

Table legend: (Time is in decaauts)
 A = Elapsed time spent in this place.
 B = Non-inter-level travel time spent in this place.
 C = Inter-level travel time spent in this place.
 D = Time resting spent in this place.
 E = Time spent auto-exploring this place.
 F = Levels seen in this place.
 G = Mean time per level.
                   A        B        C        D        E       F      G
               +--------+--------+--------+--------+--------+-----+--------+
         Total |   2576 |   2505 |     71 |      0 |   1312 |   7 |  368.0 |
       Dungeon |   2576 |   2505 |     71 |      0 |   1312 |   7 |  368.0 |
               +--------+--------+--------+--------+--------+-----+--------+

Top non-repeatable levels by time:
     D:3: 612 daAuts
     D:5: 406 daAuts
     D:4: 401 daAuts
     D:1: 323 daAuts
     D:6: 300 daAuts
     D:2: 295 daAuts
     D:7: 236 daAuts
